 Dungeon Crawl Stone Soup version 0.16-a0-3596-g438c78e (webtiles) character file.

32 Pikaro the Insei (level 3, 0/23 HPs)
             Began as an Octopode Transmuter on Jan 11, 2015.
             Slain by a worm (11 damage)
             ... on level 2 of the Dungeon on Jan 12, 2015.
             The game lasted 01:05:57 (2312 turns).

Pikaro the Insei (Octopode Transmuter)              Turns: 2312, Time: 01:05:57

Health: 0/23       AC:  4    Str:  9    XL:     3   Next: 27%
Magic:  6/6        EV: 12    Int: 15    God:
Gold:   4          SH:  0    Dex: 13    Spells: 1 memorised, 5 levels left

rFire  . . .     SeeInvis .       - Unarmed
rCold  . . .     Clarity  .     (no shield)
rNeg   . . .     SustAb   .     (helmet restricted)
rPois  .         Gourm    .     (no amulet)
rElec  .         Spirit   .     c - +3 ring of protection
rCorr  .         Warding  .     (no ring)
rMut   .         Stasis   .     (no ring)
MR     .....                    (no ring)
Stlth  ++........               (no ring)
                                (no ring)
                                (no ring)
                                (no ring)

@: not resistant to hostile enchantments, unstealthy
A: almost no armour, amphibious, 8 rings, constrict 8, camouflage 1, gelatinous
body 1
a: no special abilities


You were on level 2 of the Dungeon.
You were not hungry.

You visited 1 branch of the dungeon, and saw 2 of its levels.

You collected 4 gold pieces.

Inventory:

Missiles
 b - 41 arrows
 f - 18 poisoned needles
Jewellery
 c - a +3 ring of protection (left tentacle)
   (You found it on level 1 of the Dungeon)
Potions
 e - a potion of curing {unknown}
 g - a potion of mutation {unknown}
 h - a potion of heal wounds {unknown}
Books
 d - a book of Changes
Comestibles
 a - 2 bread rations


   Skills:
 - Level 1.0 Fighting
 - Level 2.0 Dodging
 + Level 4.2 Unarmed Combat
 - Level 2.0 Spellcasting
 - Level 2.0 Transmutations


You had 5 spell levels left.
You knew the following spells:

 Your Spells              Type           Power        Failure   Level  Hunger
a - Beastly Appendage     Trmt           #.....       12%         1    #......


Dungeon Overview and Level Annotations

Branches:
Dungeon (2/15)

Altars:


Innate Abilities, Weirdness & Mutations

You cannot wear most types of armour.
You are amphibious.
You can wear up to eight rings at the same time.
You can use your tentacles to constrict many enemies at once.
Your skin changes colour to match your surroundings (Stealth).
Your rubbery body absorbs attacks (AC +1).


Message History

a club; a robe; a hobgoblin corpse You butcher the hobgoblin corpse.
f - 2 chunks of flesh (gained 1); a club; a robe You see here a ball python corpse.
You butcher the ball python corpse.
f - 3 chunks of flesh (gained 1)
You see here a ball python skeleton.
You start resting.
Some of the chunks of flesh in your inventory have rotted away.
Health restored: 23 Total turns waited: 48 A bat comes into view.
The bat closely misses you.
A bat comes into view.
The bat misses you. The bat barely misses you.
You tentacle-slap the bat. Your grab misses the bat.
Your squeeze misses the bat. The bat closely misses you.
You barely miss the bat. Your grab misses the bat. Your squeeze misses the bat.
The bat barely misses you. The bat hits you but does no damage.
You closely miss the bat. Your grab misses the bat.
The bat hits you but does no damage.
You barely miss the bat. Your grab misses the bat. The bat closely misses you.
The bat barely misses you. The bat hits you but does no damage.
You tentacle-slap the bat. Your grab misses the bat. You squeeze the bat.
You kill the bat!
No target in view!
Reset: true; Lpd: 16002; Lt: 20327 Reset: true; Lpd: 20327; Lt: 20347 You are feeling hungry.
The helpless bat fails to defend itself.
You tentacle-slap the bat. You grab the bat. Your squeeze misses the bat.
You constrict the bat.
You kill the bat!
Eating one of 2 chunks of flesh.
You continue eating. x2
A giant newt comes into view.
The giant newt hisses menacingly.
The giant newt misses you.
You barely miss the giant newt. Your grab misses the giant newt.
The giant newt closely misses you.
You tentacle-slap the giant newt.
You kill the giant newt!
No target in view!
There is a stone staircase leading down here.
You see here 14 stones.
All of the chunks of flesh in your inventory have rotted away.
You see here 14 stones.
There is a stone staircase leading down here.
b - 41 arrows (gained 29)
A kobold comes into view. It is wielding a short sword.
The helpless kobold fails to defend itself.
You tentacle-slap the kobold.
You kill the kobold!
No target in view! a short sword; 4 stones; a kobold corpse Done exploring.
Done exploring.
(D) Dungeon
Where to? (? - help)
You see here a whip.
There is a stone staircase leading down here.
You climb downwards.
A goblin comes into view. It is wielding a club.
The goblin shouts!
There is a stone staircase leading up here.
The goblin hits you but does no damage.
You barely miss the goblin. You grab the goblin. You constrict the goblin.
You bludgeon the goblin!
You kill the goblin!
There is a stone staircase leading up here.
You see here 18 poisoned needles.
f - 18 poisoned needles An adder comes into view.
The adder moves out of view.
A worm comes into view.
Spoiler Alert: The worm can hit for moderate damage in melee!
Warning x2: The adder is fast and can poison!
The worm can hit for moderate damage in melee!
The worm bites you.
You take 2 damage, and have 21/23 hp.
You tentacle-slap the worm. You grab the worm. You constrict the worm.
You tentacle-slap the worm. You squeeze the worm, but do no damage.
You constrict the worm. The worm misses you.
You closely miss the adder. Your grab misses the adder.
Your squeeze misses the adder. You constrict the worm.
The adder bites you but does no damage.
Warning x2: The adder is fast and can poison!
The worm can hit for moderate damage in melee!
You tentacle-slap the adder. You grab the adder. You constrict the adder.
You constrict the worm. The adder bites you. The worm bites you!
You take 9 damage, and have 12/23 hp.
MASSIVE DAMAGE!!
You tentacle-slap the adder. You constrict the adder. You constrict the worm.
The adder closely misses you. The worm barely misses you.
Warning x2: The adder is fast and can poison!
The worm can hit for moderate damage in melee!
You barely miss the adder. You constrict the adder. You constrict the worm.
The adder barely misses you. The adder misses you.
You tentacle-slap the adder. You constrict the adder. You constrict the worm.
The adder bites you. The worm bites you!
You die...

. .#.. ...## #....
#####..#.. .......
#.### .......##...##
.........###..########
.......S@..............
.......w.####..######
........# ##.....#
........#########.#
.............).<..#
.....############# ####


You could see a worm and an adder.

Vanquished Creatures
  A ball python (D:1)
  2 giant cockroaches (D:1)
  5 hobgoblins (D:1)
  2 kobolds (D:1)
  A quokka (D:1)
  9 bats (D:1)
  A giant gecko (D:1)
  2 giant newts (D:1)
  4 goblins
  2 jackals (D:1)
  2 rats (D:1)
31 creatures vanquished.

Notes
Turn   | Place    | Note
--------------------------------------------------------------
     0 | D:1      | Pikaro, the Octopode Transmuter, began the quest for the Orb.
     0 | D:1      | Reached XP level 1. HP: 13/13 MP: 3/3
   173 | D:1      | HP: 3/13 [kobold/whip (3)]
   487 | D:1      | Upgraded the game from 0.16-a0-3585-g2f5ff90 to 0.16-a0-3596-g438c78e
   604 | D:1      | Reached XP level 2. HP: 18/18 MP: 4/4
  1634 | D:1      | Reached skill level 4 in Unarmed Combat
  1721 | D:1      | Reached XP level 3. HP: 19/23 MP: 6/6
  2312 | D:2      | Slain by a worm

Action                   || total
-------------------------++-------
Melee: Unarmed           ||    91
 Stab: Sleeping          ||     5
       Distracted        ||     1
  Eat: Chunk             ||     4

Vault maps used:
D:1:      lemuel_arrival_lava_pool, nrook_uturn
D:2:      gammafunk_temple_overflow_statue, led_sif_pool

Table legend:
 A = Turns spent in this place as a percentage of turns spent in the entire game.
 B = Non-inter-level travel turns spent in this place as a percentage of non-inter-level travel turns spent in the entire game.
 C = Inter-level travel turns spent in this place as a percentage of turns spent in this place.
 D = Turns resting spent in this place as a percentage of non-inter-level travel turns spent in this place.
 E = Turns spent auto-exploring this place as a percentage of non-inter-level travel turns spent in this place.
 F = Non-inter-level travel turns spent in this place divided by the number of levels of this place that you've seen.
                   A       B       C       D       E      F
               +-------+-------+-------+-------+-------+----------------------
         Total | 100.0 | 100.0 |   0.1 |   1.0 |   1.3 | 1043.5
       Dungeon | 100.0 | 100.0 |   0.1 |   1.0 |   1.3 | 1043.5
               +-------+-------+-------+-------+-------+----------------------

Table legend:
 A = Kills in this place as a percentage of kills in entire the game.
 B = Kills by you in this place as a percentage of kills by you in the entire game.
 C = Kills by friends in this place as a percentage of kills by friends in the entire game.
 D = Other kills in this place as a percentage of other kills in the entire game.
 E = Experience gained in this place as a percentage of experience gained in the entire game.
 F = Experience gained in this place divided by the number of levels of this place that you have seen.
                   A       B       C       D       E      F
               +-------+-------+-------+-------+-------+----------------------
         Total | 100.0 | 100.0 |  -nan |  -nan | 100.0 |  23.5
       Dungeon | 100.0 | 100.0 |  -nan |  -nan | 100.0 |  23.5
               +-------+-------+-------+-------+-------+----------------------
